 Dungeon Crawl Stone Soup version 0.29.0-5-ge4962eb29e (webtiles) character file.

Game seed: 16982022763363081624

2340 apoch the Spear-Bearer (level 9, -2/72 HPs)
             Began as a Formicid Fighter on Aug 28, 2022.
             Was a Priest of Cheibriados.
             Slain by an orc warrior
             ... wielding a +0 halberd
              (4 damage)
             ... in a bailey.
             The game lasted 00:10:42 (8191 turns).

apoch the Spear-Bearer (Formicid Fighter)           Turns: 8191, Time: 00:10:42

Health: -2/72      AC: 11    Str: 31    XL:     9   Next: 70%
Magic:  5/9        EV:  8    Int: 16    God:    Cheibriados [***...]
Gold:   430        SH:  6    Dex: 20    Spells: 8/8 levels left

rFire   . . .      SeeInvis +   l - +0 halberd
rCold   . . .      Faith    .   c - +0 buckler
rNeg    . . .      Spirit   .   n - +0 chain mail
rPois   .          Reflect  .   (helmet unavailable)
rElec   .          Harm     .   f - +0 cloak
rCorr   .          Rampage  .   (no gloves)
Will    .....                   g - +0 pair of boots
Stlth   ..........              (no amulet)
HPRegen 0.22/turn               (no ring)
MPRegen 0.11/turn               (no ring)

@: very slow
A: permanent stasis, dig shafts and tunnels, antennae 3, four strong arms
a: Dig, Renounce Religion, Bend Time, Temporal Distortion


You were in a bailey.
You worshipped Cheibriados.
Cheibriados was most pleased with you.
You visited 2 branches of the dungeon, and saw 8 of its levels.
You also visited: Bailey.

You collected 454 gold pieces.
You spent 24 gold pieces at shops.

Inventory:

Hand Weapons
 a - a +0 trident
 l - a +0 halberd (weapon)
 t - a +1 battleaxe of flaming
Missiles
 e - a curare-tipped dart
 j - 14 poisoned darts
 q - 11 stones
 s - 2 silver javelins (quivered)
 u - a boomerang
Armour
 b - a +0 scale mail
 c - a +0 buckler (worn)
 f - a +0 cloak (worn)
 g - a +0 pair of boots (worn)
 n - a +0 chain mail (worn)
 o - a +1 tower shield
Wands
 m - a wand of quicksilver (6)
Scrolls
 k - a scroll of enchant armour
Potions
 h - 3 potions of attraction
 i - 3 potions of haste
 p - a potion of invisibility
 r - a potion of mutation {unknown}
 v - a potion of ambrosia {unknown}
 w - a potion of flight {unknown}
 z - 2 potions of berserk rage


   Skills:
 + Level 7.5 Fighting
 + Level 10.9 Polearms
 - Level 3.2 Armour
 - Level 4.0 Shields


You had 8 spell levels left.
You didn't know any spells.
Your spell library contained the following spells:

 Spells                   Type           Power      Damage    Failure   Level
 Slow                     Hex            0%         N/A       83%         1
 Ensorcelled Hibernation  Hex/Ice        0%         N/A       92%         2
 Call Canine Familiar     Summ           0%         N/A       99%         3
 Confusing Touch          Hex            0%         N/A       99%         3
 Portal Projectile        Hex/Tloc       0%         N/A       99%         3
 Spider Form              Tmut/Pois      0%         N/A       99%         3
 Vampiric Draining        Necr           0%         2d6       99%         3
 Anguish                  Hex/Necr       0%         N/A       100%        4
 Leda's Liquefaction      Hex/Erth       0%         N/A       100%        4


Dungeon Overview and Level Annotations

Branches:
Dungeon (7/15)             Temple (1/1) D:4          Bailey (1/1)

Altars:
Ashenzari
Cheibriados
Dithmenos
Elyvilon
Hepliaklqana
Kikubaaqudgha
Makhleb
Nemelex Xobeh
Qazlal
Ru
Trog
Uskayaw
Vehumet
Wu Jian
The Shining One

Shops:
D:1 **=!   D:6 *


Innate Abilities, Weirdness & Mutations

You cannot be hasted, slowed, berserked, paralysed or teleported.
You can dig through walls and to a lower floor.
You have a pair of large antennae on your head. (SInv)
Your four strong arms can wield two-handed weapons with a shield.


Message History

You block the orc warrior's attack.
Unknown command.
You warp the flow of time around you!
An orc comes into view. It is wielding a +0 halberd.
Reach: l) +0 halberd
Press: ? - help, Dir - move target, f/p - orc warrior
Aim: an orc warrior, wielding a +0 halberd and wearing a +0 ring mail (wandering, hasn't noticed you, about 41% to evade your +0 halberd)
You reach to attack!
The orc shouts!
You slash the orc warrior!
The orc warrior is heavily wounded.
The orc warrior closely misses you.
Reach: l) +0 halberd
Press: ? - help, Dir - move target, f/p - orc warrior
Aim: an orc warrior, wielding a +0 halberd and wearing a +0 ring mail (heavily wounded, about 41% to evade your +0 halberd)
You reach to attack!
You miss the orc warrior.
The orc warrior is heavily wounded.
The orc warrior hits you from afar with a +0 glaive!
* * * LOW HITPOINT WARNING * * *
The orc warrior closely misses you.
Reach: l) +0 halberd
Press: ? - help, Dir - move target, f/p - orc warrior
Aim: an orc warrior, wielding a +0 halberd and wearing a +0 ring mail (heavily wounded, about 41% to evade your +0 halberd)
You reach to attack!
You barely miss the orc warrior.
The orc warrior is heavily wounded.
Reach: l) +0 halberd
Press: ? - help, Dir - move target, f/p - orc warrior
Aim: an orc warrior, wielding a +0 halberd and wearing a +0 ring mail (heavily wounded, about 41% to evade your +0 halberd)
You reach to attack!
You hit the orc warrior but do no damage.
The orc warrior is heavily wounded.
The orc warrior barely misses you. x2
Reach: l) +0 halberd
Press: ? - help, Dir - move target, f/p - orc warrior
Aim: an orc warrior, wielding a +0 halberd and wearing a +0 ring mail (heavily wounded, about 41% to evade your +0 halberd)
You reach to attack!
You slash the orc warrior!
The orc warrior is almost dead.
You block the orc warrior's attack.
The orc warrior hits you from afar with a +0 halberd.
You die...

♣♣......#....#....≈≈≈#
♣...≈≈≈≈#....#≈≈≈≈≈≈≈#
♣.≈≈≈≈≈≈#....#≈≈≈≈≈≈≈#
♣≈≈≈≈≈≈≈#....#≈≈≈≈≈≈≈#
≈≈≈≈≈≈≈≈≈#....#≈≈≈≈≈♣♣#
#≈≈≈≈≈≈...#....#...♣♣♣
#≈≈≈≈.......o....♣..
#≈≈≈................
#≈≈..####.o.@....###
#♣♣♣♣# ####''#### )).o(
8....8(. ########..# .#
#


You could see 2 orc warriors and an orc.

Vanquished Creatures
  Sigmund (D:3)
  Menkaure (D:4)
  3 water moccasins (D:6)
  A black bear (D:5)
  3 orc warriors
  2 centaurs
  2 kobold brigands (D:6)
  2 scorpions (D:6)
  3 necrophages
  A wight (D:7)
  A howler monkey (D:6)
  4 hounds
  A gnoll bouda (D:6)
  2 jellies
  4 iguanas
  4 orc wizards
  A killer bee zombie (D:7)
  10 adders
  4 gnolls
  A shadow imp (D:6)
  2 white imps
  An ufetubus (D:6)
  2 worms (D:3)
  3 dart slugs
  12 orcs
  2 bats
  7 endoplasms
  3 giant cockroaches
  10 goblins
  4 hobgoblins
  10 jackals
  13 kobolds
  3 quokkas
  7 ball pythons
  3 rats
133 creatures vanquished.

Notes
Turn   | Place    | Note
-------+----------+-------------------------------------------
     0 | D:1      | apoch the Formicid Fighter began the quest for the Orb.
     0 | D:1      | Reached XP level 1. HP: 18/18 MP: 1/1
    32 | D:1      | Found Gaipul's General Store.
    41 | D:1      | Found Tunuapt's Jewellery Emporium.
   190 | D:1      | Reached XP level 2. HP: 20/24 MP: 2/2
   264 | D:1      | Reached skill level 3 in Polearms
   399 | D:1      | Reached XP level 3. HP: 18/29 MP: 3/3
   908 | D:1      | Found Bupakkeoq's Distillery.
   969 | D:1      | Found Fouza's General Store.
  1425 | D:2      | Reached skill level 4 in Polearms
  1425 | D:2      | Reached XP level 4. HP: 35/35 MP: 4/4
  1899 | D:2      | Found a faded altar of an unknown god.
  2985 | D:3      | Reached XP level 5. HP: 41/41 MP: 5/5
  3086 | D:3      | Noticed Sigmund
  3094 | D:3      | Killed Sigmund
  3095 | D:3      | Reached skill level 6 in Polearms
  3095 | D:3      | Reached XP level 6. HP: 47/47 MP: 6/6
  3564 | D:4      | Found a staircase to the Ecumenical Temple.
  3576 | Temple   | Entered the Ecumenical Temple
  3606 | Temple   | Became a worshipper of Cheibriados the Contemplative
  3721 | D:4      | Reached skill level 7 in Polearms
  3721 | D:4      | Reached XP level 7. HP: 14/52 MP: 7/7
  4219 | D:4      | Found a stormy altar of Qazlal.
  4273 | D:4      | Reached * piety under Cheibriados
  4446 | D:4      | Noticed Menkaure
  4452 | D:4      | Killed Menkaure
  4764 | D:5      | Entered Level 5 of the Dungeon
  4854 | D:5      | Reached skill level 8 in Polearms
  4981 | D:5      | Reached XP level 8. HP: 51/58 MP: 8/8
  5449 | D:5      | Reached skill level 9 in Polearms
  6244 | D:6      | Reached ** piety under Cheibriados
  6245 | D:6      | Reached skill level 5 in Fighting
  6501 | D:6      | Reached skill level 10 in Polearms
  6501 | D:6      | Reached XP level 9. HP: 69/69 MP: 9/9
  7006 | D:6      | Identified the +1 ring mail of Izilapp Ibob {Dex+2}
  7146 | D:6      | Found Feinih's Assorted Antiques.
  7154 | D:6      | Bought a scroll labelled PIYBUE ERREC for 24 gold pieces
  7202 | D:6      | Reached *** piety under Cheibriados
  7789 | D:7      | Found a flagged portal.
  7811 | D:7      | HP: 3/72 [poisoned by an orc wizard]
  7816 | D:7      | HP: 2/72 [poisoned by an orc wizard]
  7851 | Bailey   | Entered a bailey
  8188 | Bailey   | HP: 2/72 [orc warrior/+0 glaive (14)]
  8191 | Bailey   | Slain by an orc warrior

Illustrated notes

Levels and vault maps discovered:
D:1:      minmay_arrival_up_and_down, layout_loops_ring, serial_shops, shop,
          shop, nicolae_lakefront_shop, shop, minmay_misc_feat_encased,
          grunt_decor_arrowhead, minmay_misc_feat_x
D:2:      layout_basic, chequers_ecumenical_altar_lobes
D:3:      layout_loops_ring, hangedman_decor_slide_cut, uniq_sigmund
D:4:      layout_basic, kennysheep_mini, temple_pool_b, st_stairs_1,
          minmay_pentomino_pile, uniq_menkaure
D:5:      layout_basic
D:6:      layout_gridville, serial_shops, nicolae_shop_overgrown_old_shop
D:7:      layout_basic, jmf_multi_god_temple2, enter_bailey_2, enter_ossuary_1,
          serial_undead, serial_undead_b, serial_undead_d, serial_undead_f,
          serial_undead_b, serial_undead_b, serial_undead_e,
          hellmonk_guarded_unrand_vitality_bloodlust
Temple:   compressed_dpeg_circular_temple
Bailey:   bailey_polearm_elven_captive_hellmonk, bailey

Skill      XL: |  1  2  3  4  5  6  7  8  9 |
---------------+----------------------------+-----
Polearms       | 3 4 6 7 8 10 | 10.9
Fighting       | 5 7 |  7.5
Armour         | |  3.2
Shields        | |  4.0

Action                   |  1- 3 |  4- 6 |  7- 9 || total
-------------------------+-------+-------+-------++-------
Melee: Trident           |    74 |   134 |   194 ||   402
       Halberd           |       |       |    71 ||    71
Throw: Stone             |     9 |    21 |    13 ||    43
       Javelin           |       |    12 |    19 ||    31
Invok: Temporal Distorti |       |       |     1 ||     1
 Abil: Dig               |       |       |     1 ||     1
  Use: Potion            |       |     1 |     4 ||     5
       Scroll            |       |       |    16 ||    16
Armor: Scale mail        |    28 |    47 |    76 ||   151
       Chain mail        |       |       |    44 ||    44
Dodge: Dodged            |    30 |    42 |   103 ||   175
Block: Buckler           |    14 |    19 |    76 ||   109
